 Dungeon Crawl Stone Soup version 0.30.0 (webtiles) character file.

Game seed: 10614995851457042409

885 Ubbricas the Gusty (level 8, -2/67 HPs)
             Began as an Ogre Air Elementalist on May 17, 2023.
             Slain by a killer bee (7 damage)
             ... on level 5 of the Dungeon.
             The game lasted 00:08:03 (5234 turns).

Ubbricas the Gusty (Ogre Air Elementalist)          Turns: 5234, Time: 00:08:05

Health: -2/67      AC:  4    Str: 13    XL:     8   Next: 5%
Magic:  1/24       EV: 10    Int: 18    God:
Gold:   222        SH:  0    Dex: 15    Spells: 10/17 levels left

rFire   . . .        n - +1 short sword (venom)
rCold   . . .        (no shield)
rNeg    . . .        a - +0 robe
rPois   .            (helmet restricted)
rElec   .            f - +0 cloak
rCorr   .            (gloves unavailable)
SInv    .            (boots unavailable)
Will    .....        (no amulet)
Stlth   ++           i - +6 ring of dexterity
HPRegen 0.31/turn    m - ring of magical power
MPRegen 0.19/turn

%: no passive effects
@: lethally poisoned (-2 -> -30)
A: large, unfitting armour, tough skin 1
a: no special abilities


You were on level 5 of the Dungeon.
You visited 1 branch of the dungeon, and saw 5 of its levels.

You collected 222 gold pieces.

Inventory:

Hand Weapons
 d - a +0 dagger of freezing
 n - a +1 short sword of venom (weapon)
 u - a +1 flail of protection
Missiles
 t - 2 throwing nets
Armour
 a - a +0 robe (worn)
 f - a +0 cloak (worn)
Jewellery
 i - a +6 ring of dexterity (left hand)
 m - a ring of magical power (right hand)
Scrolls
 c - a scroll of blinking {unknown}
 h - a scroll of magic mapping
 l - a scroll of poison
 o - a scroll of fog {unknown}
 q - a scroll of teleportation
 r - a scroll of brand weapon
 v - a scroll of immolation {unknown}
 x - a scroll of vulnerability {unknown}
Potions
 b - a potion of magic
 e - a potion of flight {unknown}
 g - a potion of heal wounds {unknown}
 j - 3 potions of haste
 k - 2 potions of cancellation
 p - 2 potions of curing {unknown}
 s - 2 potions of mutation {unknown}
 w - a potion of invisibility {unknown}
 z - 2 potions of ambrosia {unknown}
 A - a potion of might {unknown}


   Skills:
 - Level 1.7 Dodging
 - Level 2.0 Stealth
 - Level 5.0 Spellcasting
 - Level 0.8 Conjurations
 * Level 7.6 Air Magic


You had 10 spell levels left.
You knew the following spells:

 Your Spells              Type           Power      Damage    Failure   Level
a - Shock                 Conj/Air       76%        1d7       2%          1
b - Static Discharge      Conj/Air       38%        2-4/arc   3%          2
c - Airstrike             Air            15%        2d(3-19)  6%          4

Your spell library contained the following spells:

 Spells                   Type           Power      Damage    Failure   Level
 Swiftness                Air            31%        N/A       1%          3
 Dazzling Flash           Conj/Hex       12%        N/A       32%         3
 Volatile Blastmotes      Fire/Tloc      8%         2d10      36%         3
 Iskenderun's Mystic Bla  Conj/Tloc      6%         2d4       73%         4
 Starburst                Conj/Fire      3%         6d3       100%        6


Dungeon Overview and Level Annotations

Branches:
Dungeon (5/15)
 Temple: D:4-7

Altars:
Nemelex Xobeh
Okawaru
Qazlal

Shops:
D:2 (

Annotations:
D:5 1 transporter


Innate Abilities, Weirdness & Mutations

You are too large for most types of armour.
You have tough skin. (AC +1)


Message History

The killer bee stings you.
You are more poisoned.
The killer bee poisons you!
Unknown command.
Casting: Static Discharge (safe; 3% risk of failure)
Confirm with . or Enter, or press ? or * to list all spells.
The killer bee is struck by an arc of lightning.
The killer bee is heavily wounded.
You are struck by an arc of lightning.
The lightning grounds out.
The killer bee buzzes angrily.
You feel very sick. The killer bee stings you.
The killer bee barely misses you.
Unknown command.
You miss the killer bee.
The killer bee is heavily wounded.
You feel very sick. The killer bee barely misses you.
The killer bee stings you but does no damage.
The killer bee stings you.
You are more poisoned.
The killer bee poisons you! The killer bee misses you.
It was a potion of haste.
You feel yourself speed up.
You feel very sick. The killer bee stings you!
* * * LOW HITPOINT WARNING * * *
You are lethally poisoned!
The killer bee poisons you! The killer bee closely misses you.
The killer bee stings you.
* * * LOW HITPOINT WARNING * * *
You are more poisoned.
The killer bee poisons you! The killer bee stings you.
* * * LOW HITPOINT WARNING * * *
It was a potion of cancellation.
Your magical effects are unravelling.
You feel magically purged.
You feel yourself slow down.
* * * LOW HITPOINT WARNING * * *
You feel very sick. The killer bee misses you. The killer bee stings you!
You die...

# #8.≈≈..#.##.#
#.##.≈≈....##.#
+.g#.~~....##.#
.##.≈≈.#..##.#
#8.≈≈.#..##.#####
###≈≈.#.........#
#...#≈≈....########
#.# #≈≈.....y.# #
##≈≈.#..##@#
≈≈≈≈≈≈....##y#
≈≈≈≈≈≈....##.#
........#..##.#
..##.####..##.# #.
#..##.# ... #†# #..
#..


You could see 2 killer bees.

Vanquished Creatures
  A sky beast (D:4)
  A black bear (D:4)
  An ogre (D:4)
  A phantom (D:4)
  2 scorpions (D:4)
  3 killer bees (D:5)
  A hound (D:4)
  A jelly (D:4)
  6 gnolls (D:3)
  7 adders
  3 worms
  A dart slug (D:3)
  7 orcs (D:3)
  7 endoplasms
  5 giant cockroaches
  7 goblins
  5 hobgoblins
  2 jackals (D:1)
  A kobold (D:4)
  5 quokkas
  7 ball pythons
  8 bats
  4 frilled lizards
  9 rats
95 creatures vanquished.

Vanquished Creatures (others)
  An orc wizard (D:3)
  2 plants (D:3)
3 creatures vanquished.

Grand Total: 98 creatures vanquished

Notes
Turn   | Place    | Note
-------+----------+-------------------------------------------
     0 | D:1      | Ubbricas the Ogre Air Elementalist began the quest for the
                  | Orb.
     0 | D:1      | Reached XP level 1. HP: 16/16 MP: 3/3
   176 | D:1      | Reached XP level 2. HP: 24/24 MP: 0/5
   331 | D:1      | Learned a level 2 spell: Static Discharge
   657 | D:1      | Reached XP level 3. HP: 27/31 MP: 1/7
  1810 | D:2      | Found Pavuibir's Weapon Boutique.
  1854 | D:2      | Reached XP level 4. HP: 33/39 MP: 10/10
  1859 | D:2      | Learned a level 4 spell: Airstrike
  2409 | D:3      | Found a faded altar of an unknown god.
  2440 | D:3      | Reached skill level 5 in Spellcasting
  2466 | D:3      | Reached skill level 3 in Air Magic
  2613 | D:3      | Reached XP level 5. HP: 39/45 MP: 12/12
  2743 | D:3      | Reached skill level 4 in Air Magic
  3665 | D:4      | Found a sparkling altar of Nemelex Xobeh.
  3825 | D:4      | Noticed an ogre
  3827 | D:4      | Killed an ogre
  3828 | D:4      | Reached XP level 6. HP: 53/53 MP: 13/13
  3931 | D:4      | Reached skill level 5 in Air Magic
  3995 | D:4      | Noticed a sky beast
  4012 | D:4      | Killed a sky beast
  4013 | D:4      | Reached XP level 7. HP: 46/59 MP: 7/14
  4019 | D:4      | Reached skill level 6 in Air Magic
  4146 | D:4      | Found an iron altar of Okawaru.
  4305 | D:4      | Found a stormy altar of Qazlal.
  4591 | D:4      | Reached skill level 7 in Air Magic
  5114 | D:5      | Entered Level 5 of the Dungeon
  5187 | D:5      | Found a transporter.
  5226 | D:5      | Reached XP level 8. HP: 65/67 MP: 8/15
  5234 | D:5      | Slain by a killer bee

Illustrated notes

Levels and vault maps discovered:
D:1:      dpeg_arrival_prison, layout_rooms, serial_rivers,
          chequers_serial_rivers_micro_d, chequers_serial_rivers_large_a,
          chequers_serial_rivers_room_b, chequers_serial_rivers_micro_a,
          chequers_serial_rivers_room_b
D:2:      layout_loops_ring, serial_shops, nicolae_shop_stone,
          amcnicky_mini_rare_corridor_liquid
D:3:      layout_rooms, shapermc_ecumenical_altar_mp_ritualfount,
          minmay_misc_feat_iff, nicolae_eternal_life,
          chequers_serial_rivers_small_3, minmay_misc_feat_five
D:4:      layout_basic, general_overflow_altar,
          nicolae_qazlal_beasts_of_the_sky, mainiacjoe_overflow_paths
D:5:      layout_basic, gammafunk_temple_overflow_elements, temple_doors_e,
          gammafunk_ghost_gnarly_gnolls, chequers_jeans

Skill      XL: |  1  2  3  4  5  6  7 |
---------------+----------------------+-----
Stealth        | 2 |  2.0
Spellcasting   | 3 4 5 |  5.0
Air Magic      | 3 4 5 7 |  7.6
Dodging        | |  1.7
Conjurations   | |  0.8

Action                     |  1- 3 |  4- 6 |  7- 9 || total
---------------------------+-------+-------+-------++-------
  Melee: Dagger            |    11 |       |       ||    11
         Unarmed           |     2 |       |       ||     2
         Short sword       |    15 |    11 |     2 ||    28
   Cast: Shock             |    70 |    94 |    39 ||   203
         Static Discharge  |     2 |    12 |    11 ||    25
         Airstrike         |       |     5 |     6 ||    11
    Use: Scroll            |       |       |     4 ||     4
         Potion            |       |       |     2 ||     2
 Armour: Robe              |    14 |     9 |     4 ||    27
  Dodge: Dodged            |    27 |    19 |    14 ||    60
